 Dungeon Crawl Stone Soup version 0.30.0-5-g1a98f26d00 (webtiles) character file.

Game seed: 1780720167449904767

159 qeuew the Vexing (level 5, 0/33 HPs)
             Began as a Deep Elf Hexslinger on May 8, 2023.
             Was a Follower of Dithmenos.
             Slain by an orc
             ... wielding a +0 flail
              (3 damage)
             ... on level 4 of the Dungeon.
             The game lasted 00:04:06 (2485 turns).

qeuew the Vexing (Deep Elf Hexslinger)              Turns: 2485, Time: 00:04:07

Health: 0/33       AC:  2    Str:  7    XL:     5   Next: 17%
Magic:  11/11      EV: 13    Int: 18    God:    Dithmenos [*.....]
Gold:   1424       SH:  0    Dex: 17    Spells: 1/9 levels left

rFire   . . .        h - +0 arbalest
rCold   . . .        (shield currently unavailable)
rNeg    . . .        c - +0 robe
rPois   .            (helmet restricted)
rElec   .            (no cloak)
rCorr   .            (no gloves)
SInv    .            (no boots)
Will    .....        (no amulet)
Stlth   ++           (no ring)
HPRegen 0.25/turn    (no ring)
MPRegen 0.12/turn

%: no passive effects
@: wreathed by umbra
A: beak, robust 1
a: Renounce Religion


You were on level 4 of the Dungeon.
You worshipped Dithmenos.
Dithmenos was aware of your devotion.
You visited 1 branch of the dungeon, and saw 4 of its levels.

You collected 1424 gold pieces.

Inventory:

Hand Weapons
 h - a +0 arbalest (weapon)
Armour
 c - a +0 robe (worn)
Scrolls
 d - a scroll of teleportation
Potions
 a - 2 potions of curing
 b - 2 potions of attraction {unknown}


   Skills:
 + Level 1.7 Fighting
 + Level 3.7 Ranged Weapons
 + Level 1.0 Armour
 + Level 3.3 Dodging
 + Level 2.8 Spellcasting
 + Level 4.8 Hexes
 + Level 1.5 Translocations


You had one spell level left.
You knew the following spells:

 Your Spells              Type           Power      Damage    Failure   Level
a - Slow                  Hex            76%        N/A       2%          1
b - Portal Projectile     Hex/Tloc       28%        N/A       14%         3
c - Cause Fear            Hex            9%         N/A       22%         4

Your spell library contained the following spells:

 Spells                   Type           Power      Damage    Failure   Level
 Ensorcelled Hibernation  Hex/Ice        22%        N/A       10%         2
 Dazzling Flash           Conj/Hex       22%        N/A       19%         3
 Inner Flame              Hex/Fire       11%        N/A       19%         3
 Cigotuvi's Dreadful Rot  Necr/Pois/Air  4%         N/A       26%         2
 Volatile Blastmotes      Fire/Tloc      10%        2d10      36%         3
 Ignite Poison            Fire/Tmut/Pois 2%         N/A       45%         3
 Spider Form              Tmut/Pois      2%         N/A       45%         3
 Anguish                  Hex/Necr       5%         N/A       52%         4
 Iskenderun's Mystic Bla  Conj/Tloc      5%         2d3       77%         4
 Freezing Cloud           Conj/Ice/Air   1%         6-21      99%         5
 Starburst                Conj/Fire      1%         6d3       100%        6


Dungeon Overview and Level Annotations

Branches:
Dungeon (4/15)
 Temple: D:4-7

Altars:
Dithmenos
Elyvilon
Fedhas

Shops:
D:4 (


Innate Abilities, Weirdness & Mutations

You have a beak for a mouth.
You are robust. (+10% HP)


Message History

The bolt hits the orc.
The orc is heavily wounded.
An orc wizard comes into view.
It is wielding a +0 dagger and wearing a +2 robe of fire resistance.
There are monsters nearby!
You shoot a bolt. The bolt completely misses the orc.
The bolt hits the orc wizard!!
You kill the orc wizard!
Dithmenos accepts your kill.
Your Armour skill increases to level 1!
You have reached level 5!
You shoot a bolt. The bolt barely misses the orc.
The orc closely misses you. The orc misses you.
You shoot a bolt.
The bolt hits the orc but does no damage.
The orc misses you.
You shoot a bolt. The bolt closely misses the orc.
The orc closely misses you. x2
You shoot a bolt. The bolt barely misses the orc.
The orc hits you with a +0 flail. The orc barely misses you.
The orc closely misses you. The orc barely misses you.
Unknown command.
You shoot a bolt. The bolt barely misses the orc.
The orc barely misses you. The orc closely misses you.
You shoot a bolt. The bolt closely misses the orc.
The orc misses you. The orc hits you with a +0 morningstar!
The orc closely misses you. x2
You shoot a bolt. The bolt closely misses the orc.
The orc misses you. The orc hits you with a +0 morningstar.
The orc closely misses you. x2
An ufetubus comes into view.
You are too injured to fight recklessly!
You are too injured to fight recklessly!
Unknown command.
You are too injured to fight recklessly!
You are too injured to fight recklessly!
The orc attacks as you move away! The orc hits you with a +0 flail.
The orc attacks as you move away! The orc hits you with a +0 flail!
* * * LOW HITPOINT WARNING * * *
You feel better. The orc hits you with a +0 flail.
* * * LOW HITPOINT WARNING * * *
Okay, then.
The orc attacks as you move away! The orc hits you with a +0 flail.
You die...

#.# #.# #.#
#############.#
#.#
#.............#
#.#############
#.# #.# #.# #.#
#@# #o# ##o#
#..# #.......#
♣.≈..♣##)#
#..~~≈. #.~~~≈♣
#.~~~~5


You could see 2 orcs.

Vanquished Creatures
  An orc wizard (D:4)
  6 adders
  2 worms
  A dart slug (D:3)
  8 ball pythons
  4 endoplasms
  3 giant cockroaches
  5 goblins
  5 hobgoblins
  6 jackals
  6 quokkas
  5 bats
  2 frilled lizards (D:1)
  7 kobolds
  7 rats
68 creatures vanquished.

Notes
Turn   | Place    | Note
-------+----------+-------------------------------------------
     0 | D:1      | qeuew the Deep Elf Hexslinger began the quest for the Orb.
     0 | D:1      | Reached XP level 1. HP: 11/11 MP: 5/5
   300 | D:1      | Reached skill level 1 in Fighting
   321 | D:1      | Reached XP level 2. HP: 14/16 MP: 6/6
   837 | D:2      | Reached XP level 3. HP: 20/20 MP: 8/8
   928 | D:2      | Learned a level 3 spell: Portal Projectile
  1402 | D:2      | Identified a scroll of acquirement
  1402 | D:2      | Acquired 1239 gold pieces
  1405 | D:2      | Gained mutation: You have a beak for a mouth. [potion of
                  | mutation]
  1405 | D:2      | Gained mutation: You are robust. (+10% HP) [potion of
                  | mutation]
  1433 | D:3      | Found a shadowy altar of Dithmenos.
  1444 | D:3      | Reached XP level 4. HP: 27/27 MP: 9/9
  1465 | D:3      | Found a white marble altar of Elyvilon.
  1465 | D:3      | Found a blossoming altar of Fedhas.
  1477 | D:3      | Reached skill level 1 in Translocations
  1563 | D:3      | Became a worshipper of Dithmenos the Shadowed
  2115 | D:3      | Learned a level 4 spell: Cause Fear
  2268 | D:4      | Found Huokhug's Weapon Shoppe.
  2348 | D:4      | Reached * piety under Dithmenos
  2474 | D:4      | Reached skill level 1 in Armour
  2474 | D:4      | Reached XP level 5. HP: 33/33 MP: 11/11
  2482 | D:4      | HP: 1/33 [orc/+0 flail (10)]
  2485 | D:4      | Slain by an orc

Illustrated notes

Levels and vault maps discovered:
D:1:      kilobyte_arrival_exit_the_forest, layout_rooms
D:2:      layout_basic
D:3:      minmay_door_path, layout_basic, mainiacjoe_overflow_paths,
          gammafunk_temple_overflow_statue
D:4:      layout_loops_ring, serial_shops, shop, serial_demonic,
          serial_demonic_e, serial_demonic_g, serial_demonic_d, serial_demonic_f

Skill      XL: |  1  2  3  4 |
---------------+-------------+-----
Fighting       | 1 |  1.7
Ranged Weapons | 3 |  3.7
Spellcasting   | 2 |  2.8
Dodging        | 3 |  3.3
Translocations | 1 |  1.5
Armour         | 1 |  1.0
Hexes          | |  4.8

Action                     |  1- 3 |  4- 6 || total
---------------------------+-------+-------++-------
   Fire: Sling             |   111 |       ||   111
         Arbalest          |    17 |    90 ||   107
   Cast: Slow              |     4 |       ||     4
         Cause Fear        |       |     1 ||     1
    Use: Scroll            |     8 |       ||     8
         Potion            |     4 |     1 ||     5
 Armour: Robe              |    18 |    17 ||    35
  Dodge: Dodged            |    68 |    91 ||   159
